AoeStats
← MattAtArms

Arabia

509706871Analyzed
1v1 RM · 5d ago on Sep 27, 2026· 37m 38s· 2 players
Game mode
Random Map
Map size
Tiny (2 player)
Population
200
Speed
Normal
Resources
Standard
Victory
Conquest
Starting age
Dark Age
Ending age
Imperial Age
RankedLock teamsTeams togetherTeam positionsShared explorationLock speedFull tech treeHidden civsTurbo modeCheats
Victory
Defeat
🇬🇧 Italians · United Kingdom
2019
+12
🇺🇸 Mongols · United States
1919
-12
MattAtArms
6:25 Loom
9:11 Feudal Age
9:29 Man-at-Arms
9:56 Double-Bit Axe
15:04 Fletching
19:42 Castle Age
17:49 Gold Mining
18:02 Padded Archer Armor
19:06 Horse Collar
19:52 Crossbowman
20:29 Bodkin Arrow
20:49 Bow Saw
24:49 Wheelbarrow
24:32 Town Watch
27:46 Ballistics
37:24 Imperial Age
35:35 Leather Archer Armor
36:20 Thumb Ring
36:44 Heavy Plow
38:28 Conscription
37:32 Arbalester
38:28 Forging
katzzlikemeowmix
4:41 Loom
8:51 Feudal Age
11:07 Double-Bit Axe
16:03 Fletching
20:25 Castle Age
18:42 Padded Archer Armor
19:35 Horse Collar
20:54 Gold Mining
20:29 Elite Skirmisher
21:07 Bodkin Arrow
21:48 Leather Archer Armor
23:01 Crossbowman
23:42 Town Watch
25:33 Bow Saw
26:25 Ballistics
36:56 Imperial Age
37:02 Imperial Age
37:45 Bracer
39:04 Chemistry
Connection lost

Rejoining the realm…

Still unreachable

The connection could not be restored.

Session expired

The server has moved on; the page needs a fresh start.